 Dungeon Crawl Stone Soup version 0.22.1-1-ga44c0e5 (webtiles) character file.

309 Fang the Chopper (level 6, -2/39 HPs)
             Began as a Gargoyle Berserker on Oct 5, 2018.
             Was a Believer of Trog.
             Slain by a gnoll
             ... wielding a +0 spear
              (4 damage)
             ... on level 3 of the Dungeon.
             The game lasted 00:04:37 (2627 turns).

Fang the Chopper (Gargoyle Berserker)               Turns: 2627, Time: 00:04:37

Health: -2/39      AC:  6    Str: 23    XL:     6   Next: 41%
Magic:  6/6        EV: 12    Int:  7    God:    Trog [**....]
Gold:   137        SH:  0    Dex:  9    Spells: 5/5 levels left

rFire    x . .     SeeInvis .   a - +0 hand axe
rCold    + . .     Gourm    .   (no shield)
rNeg     + . .     Faith    .   x - +0 robe {MR+}
rPois    ∞         Spirit   .   (helmet restricted)
rElec    +         Reflect  .   (no cloak)
rCorr    .         Harm     .   (no gloves)
MR       +....                  (no boots)
Stlth    +.........             (no amulet)
HPRegen  0.13/turn              d - ring of ice
MPRegen  0.10/turn              (no ring)

@: berserk cooldown, very slightly contaminated, slowed, very slow
A: horns 1, negative energy resistance 1, electricity resistance, unbreathing,
evolution 1, petrification resistance, rot immunity, AC +4
a: Berserk, Trog's Hand, Renounce Religion


You were on level 3 of the Dungeon.
You worshipped Trog.
Trog was pleased with you.
You were near starving.

You visited 1 branch of the dungeon, and saw 3 of its levels.

You collected 137 gold pieces.

Inventory:

Hand Weapons
 a - a +0 hand axe (weapon)
Armour
 b - a +0 animal skin
 x - a +0 robe of magic resistance (worn)
Jewellery
 d - a ring of ice (left hand)
 g - a cursed -5 ring of protection {unknown}
 l - an uncursed ring of stealth {unknown}
 n - an uncursed ring of see invisible {unknown}
 v - a cursed amulet of inaccuracy {unknown}
Scrolls
 f - 2 scrolls of fog {unknown}
 h - 3 scrolls of amnesia {unknown}
 j - a scroll of noise {unknown}
 k - 2 scrolls of remove curse
 o - a scroll of blinking
 p - a scroll of teleportation {unknown}
 r - a scroll of identify {unknown}
 t - a scroll of enchant weapon {unknown}
Potions
 e - a potion of invisibility {unknown}
 i - a potion of flight {unknown}
 m - a potion of mutation
 q - a potion of curing
 s - a potion of agility {unknown}
 u - a potion of lignification {unknown}
Comestibles
 c - 11 rations
 w - a chunk of flesh


   Skills:
 + Level 4.5 Fighting
 + Level 5.0 Axes
 + Level 2.4 Armour
 + Level 2.6 Dodging
 + Level 1.1 Stealth


You had 5 spell levels left.
You didn't know any spells.
Your spell library was empty.

Dungeon Overview and Level Annotations

Branches:
Dungeon (3/15)

Altars:


Innate Abilities, Weirdness & Mutations

You are resistant to torment.
Your stone body is resilient. (AC +4)
You are immune to poison.
You resist negative energy. (rN+)
You are resistant to electric shocks. (rElec)
You can survive without breathing.
You are immune to petrification.
You are immune to rotting.
You have a pair of small horns on your head.
You evolve.


Message History

The gnoll barely misses you.
The hobgoblin moves out of view.
The orc moves out of view.
Blink to where?
Press: ? - help, Dir - move target cursor You are very lightly contaminated with residual magic.
As you read the scroll labeled WEAJAZX ZESMYLAO, it crumbles to dust.
It was a scroll of blinking.
The gnoll hits you from afar with a spear!
The gnoll hits you from afar with a spear.
* * * LOW HITPOINT WARNING * * *
The gnoll hits you from afar with a spear.
* * * LOW HITPOINT WARNING * * *
As you read the scroll labeled DOUBEM IJAWK, it crumbles to dust.
You feel blessed for a moment.
It was a scroll of remove curse.
The gnoll hits you but does no damage.
The gnoll hits you from afar with a spear.
* * * LOW HITPOINT WARNING * * *
Unknown command.
The gnoll hits you with a spear.
You die...

#.# #.# #.# ### ##.#####.#
#.# #.# #.#####.o......#
#.# #.# #...))...##
##.###.#
..#####.o.#########...##.#
........g.)......)..#....#
..#####...#########...####
##.###########.##
#.....oog@....#
###############


You could see a gnoll and 2 orcs.

Vanquished Creatures
  Sigmund (D:3)
  A crimson imp (D:3)
  2 gnolls (D:3)
  3 adders
  4 worms
  A dart slug (D:2)
  A leopard gecko (D:2)
  8 giant cockroaches
  9 goblins
  10 hobgoblins
  2 kobolds
  A quokka (D:2)
  A ball python (D:1)
  5 bats
  3 frilled lizards
  8 rats
60 creatures vanquished.

Notes
Turn   | Place    | Note
-------+----------+-------------------------------------------
     0 | D:1      | Fang the Gargoyle Berserker began the quest for the Orb.
     0 | D:1      | Reached XP level 1. HP: 14/14 MP: 1/1
   206 | D:1      | Reached skill level 3 in Axes
   206 | D:1      | Reached XP level 2. HP: 18/19 MP: 2/2
   913 | D:1      | Reached XP level 3. HP: 4/24 MP: 3/3
  1540 | D:2      | Reached ** piety under Trog
  1729 | D:2      | Reached XP level 4. HP: 29/29 MP: 4/4
  2149 | D:3      | Reached skill level 4 in Axes
  2149 | D:3      | Reached XP level 5. HP: 20/33 MP: 5/5
  2456 | D:3      | Noticed Sigmund
  2464 | D:3      | Killed Sigmund
  2464 | D:3      | Reached skill level 5 in Axes
  2464 | D:3      | Reached skill level 1 in Stealth
  2464 | D:3      | Reached XP level 6. HP: 38/39 MP: 6/6
  2615 | D:3      | Gained mutation: You evolve. [potion of mutation]
  2615 | D:3      | Gained mutation: You have a pair of small horns on your
                  | head. [potion of mutation]
  2627 | D:3      | Slain by a gnoll

Skill      XL: |  1  2  3  4  5 |
---------------+----------------+-----
Axes           | 3 4 5 |  5.0
Fighting       | 4 |  4.5
Dodging        | 2 |  2.6
Stealth        | 1 |  1.1
Armour         | |  2.4

Action                   |  1- 3 |  4- 6 || total
-------------------------+-------+-------++-------
Melee: Hand axe          |   128 |    96 ||   224
Invok: Berserk           |     3 |     2 ||     5
  Use: Scroll            |       |     2 ||     2
       Potion            |       |     2 ||     2
  Eat: Chunk             |     4 |     5 ||     9
Armor: Animal skin       |    52 |    28 ||    80
       Robe              |       |     6 ||     6
Dodge: Dodged            |   113 |    60 ||   173
